 Dungeon Crawl Stone Soup version 0.29.1-2-gbd0b4ee654 (webtiles) character file.

Game seed: 4355506506343925471

99 FLACIDUS the Digger (level 4, 0/33 HPs)
             Began as a Demonspawn Earth Elementalist on Oct 28, 2022.
             Slain by an orc
             ... wielding a +3 short sword
              (3 damage)
             ... on level 3 of the Dungeon.
             The game lasted 00:03:27 (2760 turns).

FLACIDUS the Digger (Demonspawn Earth Elementalist) Turns: 2760, Time: 00:03:28

Health: 0/33       AC:  2    Str:  7    XL:     4   Next: 45%
Magic:  6/8        EV: 12    Int: 20    God:
Gold:   134        SH:  0    Dex: 13    Spells: 3/9 levels left

rFire   . . .      SeeInvis .   s - +3 short sword (vamp)
rCold   . . .      Faith    .   (no shield)
rNeg    . . .      Spirit   .   a - +0 robe
rPois   .          Reflect  .   (no helmet)
rElec   .          Harm     .   (no cloak)
rCorr   .          Rampage  .   (no gloves)
Will    +....                   (no boots)
Stlth   ++........              (no amulet)
HPRegen 0.11/turn               l - ring of willpower
MPRegen 0.11/turn               (no ring)

@: no status effects
A: big brain 1, demonic touch 1, robust 1, weak 1, wild magic 2
a: no special abilities


You were on level 3 of the Dungeon.
You visited 1 branch of the dungeon, and saw 3 of its levels.

You collected 134 gold pieces.

Inventory:

Hand Weapons
 d - a +0 short sword
 s - a +3 vampiric short sword (weapon)
Armour
 a - a +0 robe (worn)
Magical Staves
 t - a staff of earth
 u - a staff of cold
Jewellery
 l - a ring of willpower (left hand)
 v - a ring of positive energy
Wands
 r - a wand of light (7)
Scrolls
 c - a scroll of vulnerability {unknown}
 e - 2 scrolls of blinking {unknown}
 f - a scroll of poison {unknown}
 g - a scroll of acquirement {unknown}
 h - 3 scrolls of teleportation {unknown}
 j - a scroll of identify {unknown}
 m - a scroll of torment {unknown}
 n - a scroll of immolation {unknown}
 p - a scroll of enchant weapon {unknown}
 w - 2 scrolls of summoning {unknown}
Potions
 b - a potion of magic
 i - a potion of might {unknown}
 o - a potion of resistance {unknown}
 q - a potion of brilliance {unknown}


   Skills:
 - Level 1.8 Dodging
 - Level 1.8 Stealth
 + Level 3.3 Spellcasting
 * Level 0.4 Conjurations
 - Level 1.0 Transmutations
 + Level 3.8 Earth Magic


You had 3 spell levels left.
You knew the following spells:

 Your Spells              Type           Power      Damage    Failure   Level
a - Sandblast             Erth           58%        2d13      9%          1
b - Stone Arrow           Conj/Erth      36%        3d9       32%         3
c - Passwall              Tmut/Erth      16%        N/A       17%         2

Your spell library contained the following spells:

 Spells                   Type           Power      Damage    Failure   Level
 Necrotise                Necr           20%        1d5       28%         1
 Call Canine Familiar     Summ           5%         N/A       56%         3
 Portal Projectile        Hex/Tloc       10%        N/A       56%         3
 Vampiric Draining        Necr           5%         2d6       56%         3
 Petrify                  Tmut/Erth      20%        N/A       63%         4
 Leda's Liquefaction      Hex/Erth       8%         N/A       71%         4
 Agony                    Necr           5%         N/A       99%         5


Dungeon Overview and Level Annotations

Branches:
Dungeon (3/15)

Altars:


Innate Abilities, Weirdness & Mutations

You have an unusually large brain. (Int +2)
Your touch may inflict minor irresistible damage on your foes.
You are robust. (+10% HP)
You are weak. (Str -2)
Your spells are harder to cast, but more powerful.


Message History

The orc closely misses you. The orc barely misses you.
The orc hits you but does no damage.
You hit the orc.
You feel better.
Your touch misses the orc.
The orc is heavily wounded.
The orc closely misses you. The orc misses you.
The orc hits you from afar with a +0 trident!
You are too injured to fight recklessly!
You are too injured to fight recklessly!
You are too injured to fight recklessly!
You are too injured to fight recklessly!
You are too injured to fight recklessly!
You are too injured to fight recklessly!
You are too injured to fight recklessly!
You are too injured to fight recklessly!
You are too injured to fight recklessly!
You are too injured to fight recklessly!
You are too injured to fight recklessly!
You are too injured to fight recklessly!
The orc hits you with a +0 whip. The orc hits you with a +0 dagger.
The orc attacks as you move away! The orc hits you with a +0 whip.
The orc attacks as you move away! The orc hits you with a +0 dagger.
* * * LOW HITPOINT WARNING * * *
Aiming: Sandblast (safe; 3% risk of failure)
Press: ? - help, Q - select action, (/) - cycle Shift-Dir - straight line, f - orc
Aim: an orc, wielding a +0 dagger and wearing a +0 leather armour (heavily wounded, 82% to hit)
The blast of sand hits the orc!
You kill the orc!
The orc hits you from afar with a +0 trident.
* * * LOW HITPOINT WARNING * * *
Okay, then.
Aiming: Sandblast (safe; 3% risk of failure)
Press: ? - help, Q - select action, (/) - cycle Shift-Dir - straight line, f - orc
Aim: an orc, wielding a +0 whip (82% to hit)
The blast of sand hits the orc!
You kill the orc!
Okay, then.
It was a potion of mutation.
You feel extremely strange.
You feel weaker.
You feel robust.
You feel less in control of your magic. x2
The orc hits you but does no damage. The orc hits you with a +3 short sword.
You die...

#........#.#
#####...##.#
#...##.#
#...##.#
#.#.##.#
#.#.##.#
####..#.#.#
....###..#
#######..#@###
........#o##
........o.#
#######.###
#.# #.# #.#
#.# #.#


You could see 2 orcs.

Vanquished Creatures
  4 adders
  2 worms
  2 dart slugs
  3 orcs (D:3)
  6 bats
  4 endoplasms
  4 giant cockroaches
  3 goblins
  2 hobgoblins (D:1)
  4 jackals (D:1)
  A quokka (D:2)
  A ball python (D:1)
  3 frilled lizards
  9 kobolds
  3 rats
51 creatures vanquished.

Notes
Turn   | Place    | Note
-------+----------+-------------------------------------------
     0 | D:1      | FLACIDUS the Demonspawn Earth Elementalist began the quest
                  | for the Orb.
     0 | D:1      | Reached XP level 1. HP: 13/13 MP: 3/3
    45 | D:1      | Reached skill level 1 in Transmutations
   426 | D:1      | Gained mutation: You have an unusually large brain. (Int
                  | +2) [demonic ancestry]
   426 | D:1      | Reached XP level 2. HP: 19/19 MP: 3/5
   487 | D:1      | Found a faded altar of an unknown god.
  1144 | D:2      | Gained mutation: Your touch may inflict minor irresistible
                  | damage on your foes. [demonic ancestry]
  1144 | D:2      | Reached XP level 3. HP: 16/24 MP: 4/6
  1434 | D:2      | Identified the +3 short sword "Jellybane" {protect, +Blink
                  | Fly Str+4}
  2111 | D:2      | Reached XP level 4. HP: 30/30 MP: 5/8
  2504 | D:3      | Learned a level 3 spell: Stone Arrow
  2507 | D:3      | Learned a level 2 spell: Passwall
  2760 | D:3      | Gained mutation: You are weak. (Str -2) [potion of
                  | mutation]
  2760 | D:3      | Gained mutation: You are robust. (+10% HP) [potion of
                  | mutation]
  2760 | D:3      | Gained mutation: Your spells are a little harder to cast,
                  | but a little more powerful. [potion of mutation]
  2760 | D:3      | Gained mutation: Your spells are harder to cast, but more
                  | powerful. [potion of mutation]
  2760 | D:3      | Slain by an orc

Illustrated notes

Levels and vault maps discovered:
D:1:      lemuel_arrival_room, layout_rooms, ebering_ecumenical_altar_webs
D:2:      layout_loops_ring
D:3:      layout_loops_ring

Skill      XL: |  1  2  3 |
---------------+----------+-----
Transmutations | 1 |  1.0
Earth Magic    | 3 |  3.8
Spellcasting   | 3 |  3.3
Dodging        | |  1.8
Stealth        | |  1.8
Conjurations   | |  0.4

Action                   |  1- 3 |  4- 6 || total
-------------------------+-------+-------++-------
Melee: Unarmed           |     4 |       ||     4
       Short sword       |    55 |    16 ||    71
       Punch             |     1 |       ||     1
       Touch             |     1 |     2 ||     3
 Cast: Sandblast         |    40 |    15 ||    55
  Use: Potion            |       |     1 ||     1
 Stab: Sleeping          |     1 |       ||     1
Armor: Robe              |    12 |     6 ||    18
Dodge: Dodged            |    56 |    19 ||    75
